 Dungeon Crawl Stone Soup version 0.28.0 (webtiles) character file.

Game seed: 1008584385595574810

108 fragbeetle the Chopper (level 4, 0/39 HPs)
             Began as a Minotaur Monk on Feb 18, 2022.
             Slain by an ice beast (12 damage)
             ... on level 4 of the Dungeon.
             The game lasted 00:02:54 (2954 turns).

fragbeetle the Chopper (Minotaur Monk)              Turns: 2954, Time: 00:02:55

Health: 0/39       AC:  6    Str: 17    XL:     4   Next: 58%
Magic:  3/3        EV: 10    Int:  7    God:
Gold:   106        SH:  0    Dex: 13    Spells: 3/3 levels left

rFire   . . .      SeeInvis .   a - +0 hand axe
rCold   . . .      Faith    .   (no shield)
rNeg    . . .      Spirit   .   p - +0 scale mail
rPois   .          Reflect  .   (helmet restricted)
rElec   .          Harm     .   (no cloak)
rCorr   .          Rampage  .   (no gloves)
Will    .....                   (no boots)
Stlth   ..........              (no amulet)
HPRegen 0.13/turn               (no ring)
MPRegen 0.08/turn               (no ring)

@: no status effects
A: horns 2, retaliatory headbutt
a: no special abilities


You were on level 4 of the Dungeon.
You visited 1 branch of the dungeon, and saw 4 of its levels.

You collected 106 gold pieces.

Inventory:

Hand Weapons
 a - a +0 hand axe (weapon)
 i - a +2 dagger of draining
Missiles
 k - 57 arrows
Armour
 b - a +0 robe
 c - a +0 ring mail
 p - a +0 scale mail (worn)
Jewellery
 m - a ring of willpower
Scrolls
 d - 6 scrolls of identify {unknown}
 e - a scroll of enchant weapon {unknown}
 g - a scroll of blinking {unknown}
 l - 2 scrolls of fear {unknown}
 n - a scroll of amnesia {unknown}
Potions
 f - a potion of ambrosia {unknown}
 j - 2 potions of brilliance {unknown}
 o - a potion of invisibility {unknown}


   Skills:
 - Level 3.6 Fighting
 * Level 6.5 Axes
 - Level 3.2 Dodging
 - Level 1.5 Stealth


You had 3 spell levels left.
You didn't know any spells.
Your spell library contained the following spells:

 Spells                   Type           Power      Damage    Failure   Level
 Shock                    Conj/Air       0%         1d3       86%         1
 Sting                    Tmut/Pois      0%         1d3       86%         1
 Poisonous Vapours        Pois/Air       0%         N/A       95%         2
 Swiftness                Air            0%         N/A       99%         3
 Airstrike                Air            0%         N/A       100%        4
 Olgreb's Toxic Radiance  Pois           0%         N/A       100%        4


Dungeon Overview and Level Annotations

Branches:
Dungeon (4/15)
 Temple: D:4-7

Altars:


Innate Abilities, Weirdness & Mutations

You have a pair of horns on your head.
You reflexively headbutt those who attack you in melee.


Message History

You throw a poisoned dart.
The poisoned dart closely misses the ice beast.
Throw: dart (poison)
Press: ? - help, Shift-Dir - straight line, f/p - ice beast
Aim: an ice beast (57% to hit)
You throw a poisoned dart.
The poisoned dart barely misses the ice beast.
You aren't carrying any items that you can evoke.
Okay, then.
You hit the ice beast but do no damage. The ice beast completely misses you.
You furiously retaliate!
You headbutt the ice beast! You completely miss the ice beast.
You headbutt the ice beast.
The ice beast is heavily wounded.
The ice beast hits you but does no damage.
You closely miss the ice beast.
You headbutt the ice beast, but do no damage.
The ice beast is heavily wounded.
The ice beast barely misses you.
You hit the ice beast but do no damage.
You headbutt the ice beast, but do no damage.
The ice beast is heavily wounded.
The ice beast hits you but does no damage.
You hit the ice beast but do no damage.
The ice beast is heavily wounded.
The ice beast hits you but does no damage.
You hit the ice beast.
The ice beast is heavily wounded.
The ice beast barely misses you. You furiously retaliate!
You headbutt the ice beast. You hit the ice beast.
The ice beast is almost dead.
The ice beast hits you. The ice beast freezes you.
You hit the ice beast.
The ice beast is almost dead.
The ice beast hits you. The ice beast freezes you!
You hit the ice beast but do no damage.
You punch the ice beast, but do no damage.
The ice beast is almost dead.
The ice beast hits you. The ice beast freezes you!
You die...

##### #...# #...# #...#
########### #†.?##...
#.........# ###.)......
#.........# #..........
#.........##########.#...#....
#............@Y.....(.........
#####.#...#####..........#....
#.#...# #.............##
#.#...# #.........#.#..#
#.#...## #.........#.# .#
######.#....# #.[..........
.....).......####..........#.
########.......##.........##
##...##...........


You could see an ice beast.

Vanquished Creatures
  An iguana (D:4)
  3 adders (D:3)
  A worm (D:3)
  A dart slug (D:2)
  4 orcs (D:3)
  6 bats
  3 endoplasms
  2 giant cockroaches (D:2)
  7 goblins
  3 hobgoblins
  3 kobolds
  A quokka (D:3)
  6 ball pythons
  3 frilled lizards
  3 rats
47 creatures vanquished.

Notes
Turn   | Place    | Note
-------+----------+-------------------------------------------
     0 | D:1      | fragbeetle the Minotaur Monk began the quest for the Orb.
     0 | D:1      | Reached XP level 1. HP: 19/19 MP: 0/0
   409 | D:1      | Reached skill level 4 in Axes
   789 | D:1      | Reached XP level 2. HP: 26/26 MP: 1/1
  1626 | D:2      | Reached skill level 5 in Axes
  2095 | D:3      | Reached XP level 3. HP: 21/31 MP: 2/2
  2385 | D:3      | Found a faded altar of an unknown god.
  2426 | D:3      | Reached skill level 6 in Axes
  2426 | D:3      | Reached XP level 4. HP: 20/39 MP: 3/3
  2765 | D:4      | Noticed an ice beast
  2954 | D:4      | Slain by an ice beast

Illustrated notes

Levels and vault maps discovered:
D:1:      giann_bridges, layout_basic
D:2:      layout_basic, minmay_tromino_v4_c
D:3:      layout_basic, dreamdust_ecumenical_altar_statues
D:4:      layout_rooms, marbit_many_paths

Skill      XL: |  1  2  3 |
---------------+----------+-----
Axes           | 4 5 6 |  6.5
Fighting       | |  3.6
Dodging        | |  3.2
Stealth        | |  1.5

Action                   |  1- 3 |  4- 6 || total
-------------------------+-------+-------++-------
Melee: Hand axe          |    98 |    29 ||   127
       Headbutt          |    12 |     7 ||    19
       Punch             |       |     1 ||     1
Throw: Dart              |       |     2 ||     2
Armor: Ring mail         |    42 |     7 ||    49
       Robe              |     1 |       ||     1
       Scale mail        |       |     3 ||     3
Dodge: Dodged            |    66 |    14 ||    80
